PL
CALIFORNIA OCEANLINERS @ BOSTON PATRIOTS
09/16/2019
 
TOP OF THE 1ST
California Oceanliners batting - Pitching for Boston Patriots : RHP Tom Reynolds
Pitching: RHP Tom Reynolds
Batting: LHB Frank Wentworth 0-0: SINGLE (Line Drive, 15S)
Batting: RHB Takeru Sanu 0-0: SINGLE (Line Drive, 4D)
Frank Wentworth to second
Batting: RHB John Downing 0-0: Called Strike
0-1: Ball
1-1: Foul Ball, location: 2F
1-2: Ball
2-2: Strikes out looking
Batting: LHB Mike Silver 0-0: Ball
1-0: 3-RUN HOME RUN (Flyball, 8LXD), Distance : 437 ft
Batting: LHB Tim Hargrove 0-0: Called Strike
0-1: Ball
1-1: Ball
2-1: Ball
3-1: Fly out, F2 (Popup, 2LF)
Batting: RHB Dave King 0-0: Ground out 5-3 (Groundball, 56S)
Top of the 1st over - 3 run(s), 3 hit(s), 0 error(s), 0 left on base; California 3 - Boston 0
BOTTOM OF THE 1ST
Boston Patriots batting - Pitching for California Oceanliners : RHP John Wilkins
Pitching: RHP John Wilkins
Batting: LHB Bill Chambers 0-0: Ball
1-0: Ball
2-0: Fly out, F7 (Flyball, 78M)
Batting: RHB Tommy Jones 0-0: Called Strike
0-1: Ball
1-1: Fly out, F4 (Line Drive, 4MD)
Batting: RHB Manuel Villarreal 0-0: Ground out 5-3 (Groundball, 5)
Bottom of the 1st over - 0 run(s), 0 hit(s), 0 error(s), 0 left on base; California 3 - Boston 0
TOP OF THE 2ND
California Oceanliners batting - Pitching for Boston Patriots : RHP Tom Reynolds
Batting: LHB Nick Leonard 0-0: Called Strike
0-1: Ball
1-1: Swinging Strike
1-2: Foul Ball, location: 2F
1-2: Ball
2-2: SINGLE (Groundball, 4M)
Batting: RHB Ilusuarte Viamonte 0-0: Ball
1-0: Foul Ball, location: 2F
1-1: Swinging Strike
1-2: Ball
2-2: Ball
3-2: Strikes out swinging
Batting: RHB John Wilkins 0-0: Bunted foul
0-1: Sac Bunt - play at second, runner OUT! 3-6
Batting: LHB Frank Wentworth 0-0: Called Strike
0-1: Swinging Strike
0-2: Ball
1-2: Reached on error, E4 (Groundball, 4)
John Wilkins to second
Batting: RHB Takeru Sanu 0-0: Swinging Strike
0-1: Ball
1-1: Swinging Strike
1-2: Strikes out swinging
Top of the 2nd over - 0 run(s), 1 hit(s), 1 error(s), 2 left on base; California 3 - Boston 0
BOTTOM OF THE 2ND
Boston Patriots batting - Pitching for California Oceanliners : RHP John Wilkins
Batting: LHB Chad Armstrong 0-0: Foul Ball, location: 2F
0-1: Ball
1-1: Swinging Strike
1-2: Ball
2-2: Foul Ball, location: 2F
2-2: Ball
3-2: Base on Balls
Batting: RHB Wilfred McLaughlin 0-0: Called Strike
0-1: Swinging Strike
0-2: Ball
1-2: 2-RUN HOME RUN (Line Drive, 8LXD), Distance : 442 ft
Batting: RHB Bob Heller 0-0: Called Strike
0-1: Foul Ball, location: 2F
0-2: Strikes out swinging
Batting: LHB Jake Shelton 0-0: Called Strike
0-1: Foul Ball, location: 2F
0-2: Ball
1-2: Strikes out looking
Batting: RHB Alberto Trejo 0-0: Called Strike
0-1: Ball
1-1: Swinging Strike
1-2: Ball
2-2: Foul Ball, location: 2F
2-2: Strikes out swinging
Bottom of the 2nd over - 2 run(s), 1 hit(s), 0 error(s), 0 left on base; California 3 - Boston 2
TOP OF THE 3RD
California Oceanliners batting - Pitching for Boston Patriots : RHP Tom Reynolds
Batting: RHB John Downing 0-0: Called Strike
0-1: Ball
1-1: Ball
2-1: Foul Ball, location: 2F
2-2: Foul Ball, location: 2F
2-2: Foul Ball, location: 2F
2-2: Foul Ball, location: 2F
2-2: Ball
3-2: Foul Ball, location: 2F
3-2: Strikes out looking
Batting: LHB Mike Silver 0-0: Ball
1-0: Foul Ball, location: 2F
1-1: Ball
2-1: Ground out 3-1 (Groundball, 3)
Batting: LHB Tim Hargrove 0-0: Called Strike
0-1: Foul Ball, location: 2F
0-2: Ball
1-2: Hit by Pitch
Batting: RHB Dave King 0-0: DOUBLE (Line Drive, 8LD)
Tim Hargrove to third
Batting: LHB Nick Leonard 0-0: Called Strike
0-1: Ball
1-1: Foul Ball, location: 2F
1-2: SINGLE (Groundball, 56D)
Tim Hargrove scores
Dave King to third
Runner from 3rd tries for Home, SAFE, no throw or cutoff
Batting: RHB Ilusuarte Viamonte 0-0: Swinging Strike
0-1: Foul Ball, location: 2F
0-2: Foul Ball, location: 2F
0-2: Strikes out looking
Top of the 3rd over - 2 run(s), 2 hit(s), 0 error(s), 1 left on base; California 5 - Boston 2
BOTTOM OF THE 3RD
Boston Patriots batting - Pitching for California Oceanliners : RHP John Wilkins
Pinch Hitting: RHB Júlio Castillo 0-0: Called Strike
0-1: Swinging Strike
0-2: Ball
1-2: Foul Ball, location: 2F
1-2: Ground out 5-3 (Groundball, 5L)
Batting: LHB Bill Chambers 0-0: Fly out, F8 (Flyball, 8LS)
Batting: RHB Tommy Jones 0-0: Ground out 1-3 (Groundball, 25)
Bottom of the 3rd over - 0 run(s), 0 hit(s), 0 error(s), 0 left on base; California 5 - Boston 2
TOP OF THE 4TH
California Oceanliners batting - Pitching for Boston Patriots : RHP Tom Reynolds
Pitching: RHP Edgardo Marín
Batting: RHB John Wilkins 0-0: Fly out, F9 (Flyball, 89M)
Batting: LHB Frank Wentworth 0-0: Ball
1-0: Ball
2-0: Ball
3-0: Called Strike
3-1: Called Strike
3-2: Foul Ball, location: 2F
3-2: SINGLE (Groundball, 6MD)
Batting: RHB Takeru Sanu 0-0: Ball
1-0: Ground out 3-1 (Groundball, 34)
Frank Wentworth to second
Batting: RHB John Downing 0-0: Ball
1-0: SINGLE (Line Drive, 78S)
Frank Wentworth to third
Runner from 3rd tries for Home, SAFE, no throw or cutoff
Batting: LHB Mike Silver Balk!
John Downing to second
0-0: Foul Ball, location: 2F
0-1: 2-RUN HOME RUN (Flyball, 8LXD), Distance : 437 ft
Batting: LHB Tim Hargrove 0-0: Foul Ball, location: 2F
0-1: SINGLE (Line Drive, 34)
Batting: RHB Dave King 0-0: Ball
Tim Hargrove steals 2nd base
1-0: Ground out 6-3 (Groundball, 6)
Top of the 4th over - 3 run(s), 4 hit(s), 0 error(s), 1 left on base; California 8 - Boston 2
BOTTOM OF THE 4TH
Boston Patriots batting - Pitching for California Oceanliners : RHP John Wilkins
Batting: RHB Manuel Villarreal 0-0: Called Strike
0-1: Ball
1-1: Ball
2-1: Foul Ball, location: 2F
2-2: Foul Ball, location: 2F
2-2: Ground out 6-3 (Groundball, 6M)
Batting: LHB Chad Armstrong 0-0: Called Strike
0-1: Foul Ball, location: 2F
0-2: Foul Ball, location: 2F
0-2: Foul Ball, location: 2F
0-2: Ball
1-2: Ground out 4-3 (Groundball, 4)
Batting: RHB Wilfred McLaughlin 0-0: Ball
1-0: Called Strike
1-1: Ball
2-1: Foul Ball, location: 2F
2-2: Foul Ball, location: 2F
2-2: Strikes out swinging
Bottom of the 4th over - 0 run(s), 0 hit(s), 0 error(s), 0 left on base; California 8 - Boston 2
TOP OF THE 5TH
California Oceanliners batting - Pitching for Boston Patriots : RHP Edgardo Marín
Batting: LHB Nick Leonard 0-0: Ball
1-0: Ball
2-0: Ball
3-0: Called Strike
3-1: TRIPLE (Line Drive, 89M)
Batting: RHB Ilusuarte Viamonte 0-0: Called Strike
0-1: Ball
1-1: Ground out 6-3 (Groundball, 6)
Nick Leonard scores
Pitching: RHP Nate Rogers
Batting: RHB John Wilkins 0-0: Ball
1-0: Foul Ball, location: 2F
1-1: Swinging Strike
1-2: Ground out 6-3 (Groundball, 6)
Batting: LHB Frank Wentworth 0-0: Called Strike
0-1: Ball
1-1: Swinging Strike
1-2: Strikes out swinging
Top of the 5th over - 1 run(s), 1 hit(s), 0 error(s), 0 left on base; California 9 - Boston 2
BOTTOM OF THE 5TH
Boston Patriots batting - Pitching for California Oceanliners : RHP John Wilkins
Batting: RHB Bob Heller 0-0: Ball
1-0: Ground out 4-3 (Groundball, 4)
Batting: LHB Jake Shelton 0-0: Called Strike
0-1: Ball
1-1: Ball
2-1: Foul Ball, location: 2F
2-2: Foul Ball, location: 2F
2-2: Ground out 1-3 (Groundball, 13S)
Batting: RHB Alberto Trejo 0-0: Foul Ball, location: 2F
0-1: Fly out, F5 (Line Drive, 5L)
Bottom of the 5th over - 0 run(s), 0 hit(s), 0 error(s), 0 left on base; California 9 - Boston 2
TOP OF THE 6TH
California Oceanliners batting - Pitching for Boston Patriots : RHP Nate Rogers
Batting: RHB Takeru Sanu 0-0: Ball
1-0: Foul Ball, location: 2F
1-1: Foul Ball, location: 2F
1-2: Strikes out swinging
Batting: RHB John Downing 0-0: Ball
1-0: Ball
2-0: Called Strike
2-1: Ground out 6-3 (Groundball, 6)
Batting: LHB Mike Silver 0-0: Foul Ball, location: 2F
0-1: Ball
1-1: Ball
2-1: DOUBLE (Flyball, 8LXD)
Batting: LHB Tim Hargrove 0-0: Ball
1-0: Swinging Strike
1-1: Called Strike
1-2: Foul Ball, location: 2F
1-2: Ball
2-2: Foul Ball, location: 2F
2-2: Ball
3-2: Base on Balls
Batting: RHB Dave King 0-0: Called Strike
0-1: Ball
1-1: Ball
2-1: Foul Ball, location: 2F
2-2: Ground out 6-3 (Groundball, 6)
Top of the 6th over - 0 run(s), 1 hit(s), 0 error(s), 2 left on base; California 9 - Boston 2
BOTTOM OF THE 6TH
Boston Patriots batting - Pitching for California Oceanliners : RHP John Wilkins
Pinch Hitting: SHB Ernest Miller 0-0: Foul Ball, location: 2F
0-1: Ground out U3 (Groundball, 3)
Batting: LHB Bill Chambers 0-0: Ground out 5-3 (Groundball, 56)
Batting: RHB Tommy Jones 0-0: Swinging Strike
0-1: Ball
1-1: Ball
2-1: Foul Ball, location: 2F
2-2: Foul Ball, location: 2F
2-2: Ground out 6-3 (Groundball, 6MS)
Bottom of the 6th over - 0 run(s), 0 hit(s), 0 error(s), 0 left on base; California 9 - Boston 2
TOP OF THE 7TH
California Oceanliners batting - Pitching for Boston Patriots : RHP Nate Rogers
Pitching: RHP Earnest Casey
Batting: LHB Nick Leonard 0-0: Called Strike
0-1: Ball
1-1: Foul Ball, location: 2F
1-2: Foul Ball, location: 2F
1-2: Ball
2-2: Strikes out swinging
Batting: RHB Ilusuarte Viamonte 0-0: Ball
1-0: Called Strike
1-1: Foul Ball, location: 2F
1-2: DOUBLE (Line Drive, 89D)
Batting: RHB John Wilkins 0-0: Ball
1-0: Fly out, F4 (Popup, 3D)
Batting: LHB Frank Wentworth 0-0: Ball
1-0: Foul Ball, location: 2F
1-1: Foul Ball, location: 2F
1-2: DOUBLE (Line Drive, 5L)
Ilusuarte Viamonte scores
Batting: RHB Takeru Sanu 0-0: Ball
1-0: Ball
2-0: Ball
3-0: Base on Balls
Batting: RHB John Downing 0-0: Foul Ball, location: 2F
0-1: Swinging Strike
0-2: Ball
1-2: Ball
2-2: Foul Ball, location: 2F
2-2: Ball
3-2: Base on Balls
Frank Wentworth to third
Takeru Sanu to second
Batting: LHB Mike Silver 0-0: Ball
1-0: Swinging Strike
1-1: Ball
2-1: Ball
3-1: Foul Ball, location: 2F
3-2: Base on Balls
Frank Wentworth scores
Takeru Sanu to third
John Downing to second
Batting: LHB Tim Hargrove 0-0: Called Strike
0-1: Ball
1-1: SINGLE (Line Drive, 3D)
Takeru Sanu scores
John Downing to third
Mike Silver to second
Runner from 3rd tries for Home, SAFE, no throw or cutoff
Pitching: LHP John Coleman
Batting: RHB Dave King 0-0: Foul Ball, location: 2F
0-1: Ball
1-1: 3-RUN HOME RUN (Line Drive, 78XD), Distance : 416 ft
Batting: LHB Nick Leonard 0-0: Called Strike
0-1: Swinging Strike
0-2: Ball
1-2: Ball
2-2: Foul Ball, location: 2F
2-2: Strikes out swinging
Top of the 7th over - 7 run(s), 4 hit(s), 0 error(s), 0 left on base; California 16 - Boston 2
BOTTOM OF THE 7TH
Boston Patriots batting - Pitching for California Oceanliners : RHP John Wilkins
Batting: RHB Manuel Villarreal 0-0: Ball
1-0: Ground out 6-3 (Groundball, 56)
Batting: LHB Chad Armstrong 0-0: Foul Ball, location: 2F
0-1: Ball
1-1: Ball
2-1: Foul Ball, location: 2F
2-2: Strikes out swinging
Batting: RHB Wilfred McLaughlin 0-0: Ball
1-0: Ball
2-0: Called Strike
2-1: Ball
3-1: Foul Ball, location: 2F
3-2: Foul Ball, location: 2F
3-2: Strikes out swinging
Bottom of the 7th over - 0 run(s), 0 hit(s), 0 error(s), 0 left on base; California 16 - Boston 2
TOP OF THE 8TH
California Oceanliners batting - Pitching for Boston Patriots : LHP John Coleman
Batting: RHB Ilusuarte Viamonte 0-0: SOLO HOME RUN (Flyball, 7D), Distance : 397 ft
Batting: RHB John Wilkins 0-0: Called Strike
0-1: Ball
1-1: Ground out 4-3 (Groundball, 4)
Pinch Hitting: LHB Cristo Nieto 0-0: Ball
1-0: Foul Ball, location: 2F
1-1: Foul Ball, location: 2F
1-2: Strikes out swinging
Batting: RHB Takeru Sanu 0-0: Ball
1-0: Ground out 6-3 (Groundball, 6M)
Top of the 8th over - 1 run(s), 1 hit(s), 0 error(s), 0 left on base; California 17 - Boston 2
BOTTOM OF THE 8TH
Boston Patriots batting - Pitching for California Oceanliners : RHP John Wilkins
Now at 2B: Raúl Hernández
Batting: RHB Bob Heller 0-0: Foul Ball, location: 2F
0-1: Ground out 5-3 (Groundball, 56)
Batting: LHB Jake Shelton 0-0: Ball
1-0: Called Strike
1-1: Ball
2-1: Foul Ball, location: 2F
2-2: Ball
3-2: DOUBLE (Flyball, 8RXD)
Batting: RHB Alberto Trejo 0-0: Called Strike
0-1: Fly out, F8 (Flyball, 8RM)
Pinch Hitting: RHB Lockwood Rose 0-0: Foul Ball, location: 2F
0-1: Called Strike
0-2: Ground out 4-3 (Groundball, 4)
Bottom of the 8th over - 0 run(s), 1 hit(s), 0 error(s), 1 left on base; California 17 - Boston 2
TOP OF THE 9TH
California Oceanliners batting - Pitching for Boston Patriots : LHP John Coleman
Pitching: RHP Roy Robinson
Batting: RHB John Downing 0-0: Ball
1-0: Foul Ball, location: 2F
1-1: Foul Ball, location: 2F
1-2: Strikes out swinging
Batting: LHB Mike Silver 0-0: Ball
1-0: Called Strike
1-1: Foul Ball, location: 2F
1-2: Ball
2-2: Ball
3-2: SOLO HOME RUN (Line Drive, 8RXD), Distance : 440 ft
Batting: LHB Tim Hargrove 0-0: Ball
1-0: Fly out, F7 (Flyball, 78M)
Pinch Hitting: LHB Jerry Harris 0-0: Ball
1-0: Swinging Strike
1-1: Ball
2-1: Foul Ball, location: 2F
2-2: Fly out, F7 (Popup, 7M)
Top of the 9th over - 1 run(s), 1 hit(s), 0 error(s), 0 left on base; California 18 - Boston 2
BOTTOM OF THE 9TH
Boston Patriots batting - Pitching for California Oceanliners : RHP John Wilkins
Now at 2B: Roberto Machado
Now in RF: Kyle Taylor
Batting: LHB Bill Chambers 0-0: SINGLE (Groundball, 3S) (infield hit)
Batting: RHB Tommy Jones 0-0: Ball
1-0: Called Strike
1-1: Swinging Strike
1-2: Foul Ball, location: 2F
1-2: Fly out, F5 (Popup, 5SF)
Batting: RHB Manuel Villarreal 0-0: Swinging Strike
0-1: Ground out 5-3 (Groundball, 15S)
Bill Chambers to second
Batting: LHB Chad Armstrong 0-0: Fly out, F6 (Popup, 5D)
Bottom of the 9th over - 0 run(s), 1 hit(s), 0 error(s), 1 left on base; California 18 - Boston 2
This league is powered by Out of the Park Baseball, the baseball management simulation game for PC, Mac and Linux
Saturday, July 25th, 2015 - OOTP Baseball 15.6 Build 34